[Event "NOR-chT 2018"]
[Site "Bergen"]
[Date "2018.05.11"]
[Round "2"]
[White "Birkestrand, Odd"]
[Black "Tunsjo, Axel"]
[Result "0-1"]
[ECO "B22"]
[WhiteElo "1689"]
[BlackElo "1901"]
[Annotator "NA RC"]
[PlyCount "60"]
[EventDate "2018.??.??"]
[EventCountry "NOR"]
[SourceTitle "playchess.com"]
[Source "ChessBase"]
[SourceQuality "1"]
[TimeControl "40/5400:1800"]

1. e4 c5 2. c3 Nf6 3. e5 Nd5 4. Nf3 e6 5. Be2 d6 6. d4 cxd4 7. cxd4 dxe5 8. dxe5 Nc6 9. O-O Qc7 10. Qa4 Bd7 11. Qe4 Be7 12. Bd2 $14 O-O 13. Nc3 f5 14. Nxd5 fxe4 15. Nxc7 exf3 16. Bxf3 Rac8 17. Bxc6 bxc6 18. Na6 c5 19. Rfc1 Bb5 20. Nxc5 Bxc5 21. Rxc5 Rxc5 22. Bb4 Rxe5 23. Bxf8 Kxf8 24. a4 Be8 25. Kf1 Re4 26. b3 Rb4 27. Ra3 e5 28. Ke2 Bf7 29. Kd3 Rxb3+ 30. Rxb3 Bxb3 0-1

[Event "NOR-chT 2018"]
[Site "Bergen"]
[Date "2018.05.12"]
[Round "3"]
[White "Sjoberg, Isak"]
[Black "Fossan, Benjamin"]
[Result "1-0"]
[ECO "B31"]
[WhiteElo "2034"]
[BlackElo "1948"]
[Annotator "NA RC"]
[PlyCount "137"]
[EventDate "2018.??.??"]
[EventCountry "NOR"]
[SourceTitle "playchess.com"]
[Source "ChessBase"]
[SourceQuality "1"]
[TimeControl "40/5400:1800"]

1. e4 c5 2. Nf3 Nc6 3. Bb5 g6 4. O-O Bg7 5. d3 e5 {[%emt 0:00:51] LiveBook: 14 Games B31: Sicilian: 2...Nc6 3 Bb5 g6} (5... d6 6. Re1 Bd7 7. c3 Nf6 8. d4 O-O 9. Bxc6 Bxc6 10. d5 Bd7 11. h3 b5 12. a4 b4 13. e5 dxe5 14. Nxe5 {½-½ (70) Zvjaginsev,V (2643)-Dubov,D (2666) Sochi 2017}) 6. Be3 d6 7. a3 Nge7 8. b4 b6 9. bxc5 $146 ({Predecessor:} 9. c3 O-O 10. Nbd2 h6 11. Re1 Kh7 12. bxc5 bxc5 13. Bc4 {½-½ (22) Petukhov,S (2393)-Rudenko,A (2132) ICCF email 2012}) 9... dxc5 10. Bc4 O-O 11. h3 h6 12. Nc3 Kh7 13. Nh2 f5 14. exf5 Bxf5 15. Ne4 Nd5 16. Qd2 Qd7 17. Rae1 Nce7 18. Kh1 Nxe3 19. Qxe3 Nd5 20. Bxd5 Qxd5 21. Nf3 Rae8 22. Nh4 Bxe4 23. dxe4 Qd4 24. Qg3 Qd6 25. Rd1 ({White should try} 25. Qb3 $11) 25... Qe6 26. Qe3 Rd8 27. Qe2 Qf6 28. Qg4 h5 29. Qg3 Bh6 30. Nf3 Bf4 31. Qh4 Qxh4 32. Nxh4 Bg5 33. Nf3 Bf6 34. g4 Rxd1 (34... b5 $11 {remains equal.}) 35. Rxd1 Bg7 36. Kg2 hxg4 37. hxg4 Rf4 38. Kg3 Kg8 39. Rd8+ Rf8 40. Rd7 (40. Rd5 $16) 40... Rf7 41. Rd8+ (41. Rd5 $16) 41... Rf8 42. Rxf8+ Kxf8 43. c4 a6 44. a4 Ke8 45. g5 Kd7 (45... Ke7 $11 {keeps the balance.}) 46. Nh4 b5 47. cxb5 axb5 48. axb5 c4 {[%emt 0:00:00] [#]} 49. Kf3 $1 Kd6 50. Nxg6 Kc5 51. b6 $2 (51. Ke2 $18 {is the precise move to win.} Kxb5 52. Kd1) 51... Kxb6 52. Ke3 Kc5 53. Ne7 Kb4 $1 54. Nd5+ Kb3 $1 55. f4 c3 56. Nxc3 $1 exf4+ $2 (56... Kxc3 $11 57. f5 Bh8) 57. Kxf4 Kxc3 58. e5 Kd4 59. e6 Bf8 60. g6 Kd5 {[%emt 0:00:00] [#]} 61. e7 Bxe7 62. g7 Bd6+ 63. Kf5 Kd4 64. g8=Q Bc5 65. Qe6 Kc3 66. Qd5 Bd4 67. Ke4 Bf2 68. Qd3+ Kb4 69. Qd2+ 1-0

[Event "NOR-chT 2018"]
[Site "Bergen"]
[Date "2018.05.12"]
[Round "3"]
[White "Tunsjo, Axel"]
[Black "Dahl, Max"]
[Result "1-0"]
[ECO "B11"]
[WhiteElo "1901"]
[BlackElo "1926"]
[Annotator "NA RC"]
[PlyCount "121"]
[EventDate "2018.??.??"]
[EventCountry "NOR"]
[SourceTitle "playchess.com"]
[Source "ChessBase"]
[SourceQuality "1"]
[TimeControl "40/5400:1800"]

1. e4 c6 2. Nf3 d5 3. Nc3 Bg4 4. h3 Bxf3 5. Qxf3 dxe4 6. Nxe4 {[%emt 0:00:16] LiveBook: 47 Games} e6 7. g4 {[%emt 0:07:49] B11: Caro-Kann: Two Knights Variation} Nd7 8. d4 Ngf6 9. g5 $146 ({Predecessor:} 9. Ng3 Be7 10. Bg2 Qa5+ 11. c3 Qb5 12. a4 Qd5 13. a5 a6 {½-½ (48) Manea,A (2289)-Grigore,G (2486) Bucharest 2002}) 9... Nxe4 10. Qxe4 Qc7 11. Bf4 Bd6 12. Bxd6 Qxd6 13. O-O-O Qd5 14. Qxd5 exd5 15. Re1+ Kd8 16. h4 Re8 17. Bd3 Nf8 18. c3 Kd7 19. f4 Rxe1+ 20. Rxe1 Re8 21. Rxe8 Kxe8 22. f5 g6 23. Kd2 Ke7 24. Ke3 Kd6 25. Kf4 b6 26. b4 c5 (26... b5 $16) 27. Bb5 cxd4 28. cxd4 gxf5 29. Kxf5 Ne6 30. Kf6 Nxd4 31. Bd3 Nf3 32. h5 Nd2 33. Bxh7 Ne4+ 34. Kf5 Ng3+ 35. Kg4 Nxh5 36. Kxh5 Ke5 37. Bg8 f5 38. gxf6 Kxf6 39. Bxd5 Ke5 40. Bc4 Kd4 41. Ba6 b5 42. Bxb5 Kc3 43. a3 Kb3 44. Ba6 Kxa3 45. b5 Kb4 46. Kg5 Kc5 47. Kf5 Kd5 48. Kf4 Kd4 49. Kf3 Kd5 50. Ke3 Kc5 51. Kd3 Kd5 52. Kc3 Kc5 53. Kb3 Kd5 54. Kb4 Kd6 55. Kc4 Kd7 56. Kd5 Kc7 57. Kc5 Kb8 58. Kc6 Ka8 59. Bc8 Kb8 60. Bb7 a5 61. bxa6 1-0

[Event "NOR-chT 2018"]
[Site "Bergen"]
[Date "2018.05.12"]
[Round "4"]
[White "Risting, Eivind Olav"]
[Black "Vea, Odin Blikra"]
[Result "1/2-1/2"]
[ECO "E32"]
[WhiteElo "2297"]
[BlackElo "2187"]
[Annotator "ChessBase"]
[PlyCount "121"]
[EventDate "2018.??.??"]
[EventCountry "NOR"]
[SourceTitle "playchess.com"]
[Source "ChessBase"]
[SourceQuality "1"]
[TimeControl "40/5400:1800"]

1. d4 Nf6 2. c4 e6 3. Nc3 Bb4 4. Qc2 O-O 5. Nf3 c5 6. dxc5 Na6 7. g3 Nxc5 8. Bg2 Nfe4 9. O-O Bxc3 10. bxc3 Qa5 11. Nd4 f5 12. Be3 d6 13. f3 Qxc3 14. Qxc3 Nxc3 15. Rfc1 N5a4 16. Bd2 e5 17. Bxc3 exd4 18. Bxd4 Be6 19. f4 Nc5 20. Rab1 Rab8 21. Bxc5 dxc5 22. Rxb7 Rxb7 23. Bxb7 Rd8 24. Rc2 Rd4 25. Ba6 Kf8 26. Kf2 Ke7 27. Rb2 Rd6 28. Rb7+ Rd7 29. Rb8 Rd6 30. Rb7+ Rd7 31. Rxd7+ Kxd7 32. Ke3 Kc7 33. Kd3 Kb6 34. Bb5 g6 35. Kc3 Bf7 36. Ba4 Be6 37. Bc2 Bd7 38. e4 fxe4 39. Bxe4 Kc7 40. Kd3 Kd6 41. Ke3 Be6 42. Bd3 Bf7 43. g4 h6 44. Ke4 Be8 45. h4 Bd7 46. Kf3 Be8 47. Ke3 Bf7 48. g5 hxg5 49. hxg5 Ke6 50. Be4 Kd6 51. Kd3 Be8 52. f5 gxf5 53. Bxf5 Ke5 54. Be4 Bf7 55. g6 Be6 56. g7 Kf6 57. Bd5 Bf5+ 58. Be4 Be6 59. Bd5 Bf5+ 60. Be4 Be6 61. Bd5 1/2-1/2

[Event "NOR-chT 2018"]
[Site "Bergen"]
[Date "2018.05.12"]
[Round "4"]
[White "Aulin-Jansson, Joran"]
[Black "Mihajlov, Sebastian"]
[Result "1-0"]
[ECO "C00"]
[WhiteElo "2287"]
[BlackElo "2392"]
[Annotator "NA RC"]
[PlyCount "69"]
[EventDate "2018.??.??"]
[EventCountry "NOR"]
[SourceTitle "playchess.com"]
[Source "ChessBase"]
[SourceQuality "1"]
[TimeControl "40/5400:1800"]

1. e4 e6 2. d3 c5 3. g3 Nc6 4. Bg2 g6 5. Nc3 Bg7 6. Be3 d6 7. Nge2 Nge7 8. h4 {[%emt 0:00:11] B26: Closed Sicilian: 3 g3, lines with early Be3} (8. d4 cxd4 9. Nxd4 O-O 10. O-O d5 11. Nxc6 bxc6 12. Na4 Ba6 13. Re1 Bb5 14. c3 dxe4 15. Nc5 Nd5 16. Bxe4 Nxe3 17. Rxe3 Qe7 18. Nb3 {0-1 (39) Piorun,K (2651)-Valsecchi,A (2501) Katowice 2017}) 8... h5 9. O-O O-O 10. Qd2 Nd4 11. Nd1 Kh7 $146 ({Predecessor:} 11... e5 12. c3 Ne6 13. Bh6 d5 14. Bxg7 Kxg7 {0-1 (49) Szilagyi,Z-Eberth,Z (2215) Miskolc 1996}) 12. c3 Ndc6 13. f4 b6 14. f5 Ng8 $2 {[%emt 0:08:15] [#]} ({But not} 14... gxf5 $6 15. exf5 exf5 16. Nf4 $16) (14... exf5 $11 15. exf5 Bxf5) 15. Bg5 $1 Qc7 16. f6 Bh8 17. d4 Ba6 18. g4 cxd4 ({Much weaker is} 18... hxg4 $6 19. Ne3 $11) 19. gxh5 dxc3 20. Ndxc3 Ne5 21. Bh3 Qc5+ ({But not} 21... gxh5 22. Rad1 $15) 22. Kh1 ({Of course not} 22. Be3 Qc7 $11) 22... Nd3 ({Reject} 22... gxh5 $6 23. Ng3 $11) (22... Rac8 $16 {was worth a try.}) 23. Nf4 ({Less strong is} 23. hxg6+ fxg6 24. f7 (24. Bxe6 Nxf6 25. Nf4 Nxf4 $15) 24... Nf2+ 25. Kg2 (25. Rxf2 Qxf2 26. fxg8=B+ Kxg8 $16) 25... Bxc3 $16) 23... Nxf4 24. Rxf4 Qe5 25. Qf2 Qc5 26. Qf3 Nh6 27. Rg1 Rg8 28. Bxh6 Kxh6 29. Rg5 Qd4 30. hxg6 fxg6 31. Bxe6 Rgf8 {[%emt 0:00:12] [#]} 32. Rxg6+ Kxg6 33. Qg4+ Kh6 34. Qg5+ Kh7 35. Bf5# 1-0

[Event "NOR-chT 2018"]
[Site "Bergen"]
[Date "2018.05.12"]
[Round "4"]
[White "Nordquelle, Daniel"]
[Black "Madland, Kristoffer"]
[Result "1-0"]
[ECO "C16"]
[WhiteElo "2287"]
[BlackElo "2130"]
[Annotator "NA"]
[PlyCount "75"]
[EventDate "2018.??.??"]
[EventCountry "NOR"]
[SourceTitle "playchess.com"]
[Source "ChessBase"]
[SourceQuality "1"]
[TimeControl "40/5400:1800"]

1. e4 e6 2. d4 d5 3. Nc3 Bb4 4. e5 Ne7 5. Qg4 c5 6. dxc5 ({Don't play} 6. Qxg7 Rg8 $17) 6... Nbc6 7. Bd2 O-O 8. O-O-O f6 9. exf6 Rxf6 10. Bd3 {[%emt 0:00:12] LiveBook: 24 Games} Bxc5 {[%emt 0:23:01] C17: French: 3 Nc3 Bb4 4 e5 c5 sidelines} (10... h6 11. Qh5 e5 12. f4 Bf5 13. fxe5 Nxe5 14. Bxf5 Rxf5 15. Qe2 N7c6 16. Nf3 d4 17. Qe4 Qd7 18. Qd5+ Qxd5 19. Nxd5 Bxd2+ 20. Nxd2 {1-0 (32) Perunovic,M (2578)-Ilic,D (2388) Valjevo 2011}) 11. Qh5 $146 ({Predecessor:} 11. Bg5 Rf7 12. Nf3 Qf8 13. Be3 Bxe3+ 14. fxe3 h6 15. Qg3 Nf5 16. Bxf5 Rxf5 17. Rhe1 b5 18. Qc7 {1-0 (30) Raetsky,A (2431)-Spence,D (2233) Bugibba 2012}) 11... g6 12. Qh4 Qf8 13. f4 Nf5 14. Qe1 Nb4 15. Bxf5 Rxf5 16. Nf3 Bd7 17. Ne5 Be8 18. g4 Rxf4 19. Bxf4 Qxf4+ 20. Kb1 d4 21. Rf1 Qxh2 22. Rf2 Qh6 23. Ne4 d3 24. Nf6+ Kg7 25. Nxe8+ Rxe8 26. Rf7+ Kg8 27. cxd3 Nc6 28. Rxb7 Nd4 29. Nd7 Be7 30. Qf2 Qg7 31. Rf1 Rc8 32. Nf6+ Qxf6 33. Qxf6 Bxf6 34. Rxf6 Ne2 35. a4 Rc1+ 36. Ka2 Rg1 37. Rxe6 Nd4 38. Re8# 1-0

[Event "NOR-chT 2018"]
[Site "Bergen"]
[Date "2018.05.12"]
[Round "4"]
[White "Lindbol, Aleksander"]
[Black "Haug, Johannes"]
[Result "0-1"]
[ECO "A20"]
[WhiteElo "2136"]
[BlackElo "2387"]
[Annotator "NA"]
[PlyCount "58"]
[EventDate "2018.??.??"]
[EventCountry "NOR"]
[SourceTitle "playchess.com"]
[Source "ChessBase"]
[SourceQuality "1"]
[TimeControl "40/5400:1800"]

1. c4 e5 2. g3 c6 3. d4 e4 {[%emt 0:00:03] A20: English Opening: 1...e5} 4. d5 Bb4+ 5. Bd2 Qe7 6. Nc3 Nf6 7. Bg2 O-O 8. Nh3 cxd5 9. cxd5 d6 10. O-O Bf5 11. Kh1 $146 ({Predecessor:} 11. a3 Bc5 12. Bg5 Nbd7 {0-1 (56) Von Bahr,O (2379)-Palac,M (2576) Split 2015}) 11... Nbd7 12. Rc1 a6 13. Be3 h6 14. Bd4 Ne5 ({Black should play} 14... Rac8 $17) 15. a3 (15. f4 $11 {keeps the balance.} Neg4 16. Nf2) 15... Bc5 (15... Bxc3 $1 $17 16. Bxc3 Rac8) 16. Na4 (16. Bxc5 $15 dxc5 17. Nf4) 16... Bxd4 17. Qxd4 b5 18. Nc3 Rfc8 19. b3 {[%emt 0:04:35] [#]} (19. Nf4 $17) 19... Rc5 $1 20. Qd2 Rac8 21. Rfd1 Qc7 22. Na2 Qb7 23. Nf4 g5 24. Nh3 Rxc1 25. Rxc1 Rxc1+ 26. Qxc1 Qxd5 $19 27. Nc3 Qxb3 28. Nxg5 hxg5 29. Qxg5+ Bg6 0-1